 Dungeon Crawl Stone Soup version 0.31-a0-167-g1c394c0614 (webtiles) character file.

Game seed: 1027687095018947598

670 qw the Chopper (level 7, -2/44 HPs)
             Began as a Gargoyle Fighter on June 14, 2023.
             Slain by Duvessa
             ... wielding a +0 short sword
              (6 damage)
             ... on level 4 of the Dungeon.
             The game lasted 00:02:07 (2953 turns).

qw the Chopper (Gargoyle Fighter)                   Turns: 2953, Time: 00:02:07

Health: -2/44      AC: 17    Str: 21    XL:     7   Next: 58%
Magic:  7/7        EV:  9    Int:  9    God:
Gold:   159        SH:  4    Dex:  9    Spells: 6/6 levels left

rFire   . . .        Y - +0 war axe
rCold   . . .        c - +0 buckler
rNeg    + . .        b - +0 scale mail
rPois   inf          (no helmet)
rElec   +            (no cloak)
rCorr   .            e - +2 pair of gloves
SInv    .            j - +2 pair of boots
Will    .....        (no amulet) Stlth
                     (no ring)
HPRegen 0.27/turn    (no ring)
MPRegen 0.10/turn

%: no passive effects
@: no status effects
A: sickness immunity, AC +4, negative energy resistance 1, electricity
resistance, torment resistance 1, petrification resistance
a: no special abilities


You were on level 4 of the Dungeon.
You visited 1 branch of the dungeon, and saw 4 of its levels.
You also visited: Ossuary.

You collected 159 gold pieces.


Innate Abilities, Weirdness & Mutations

You are immune to sickness and miasma.
Your stone body is resilient. (AC +4)
You are immune to poison.
You resist negative energy. (rN+)
You are resistant to electric shocks. (rElec)
You are resistant to unholy torment.
You are immune to petrification.


   Skills:
 + Level 4.4 Fighting
 - Level 7.0 Axes
 - Level 3.2 Armour
 - Level 1.0 Dodging
 - Level 3.2 Shields


You had 6 spell levels left.
You didn't know any spells.
Your spell library was empty.

Inventory:

Hand Weapons
 f - a +0 flail
 k - a +0 mace of holy wrath
 Y - a +0 war axe (weapon)
Missiles
 l - 3 boomerangs (quivered)
Armour
 b - a +0 scale mail (worn)
 c - a +0 buckler (worn)
 e - a +2 pair of gloves (worn)
 j - a +2 pair of boots (worn)
Scrolls
 i - a scroll of identify
Potions
 a - 3 potions of lignification
 d - a potion of might
 g - 4 potions of curing
 h - a potion of cancellation
 p - a potion of haste {unknown}
 s - a potion of attraction {unknown}

Dungeon Overview and Level Annotations

Branches:
Dungeon (4/15)            Ossuary (visited)
 Temple: D:4-7

Altars:
Cheibriados
Kikubaaqudgha
Sif Muna
Vehumet
Yredelemnul

Shops:
D:1 *

Annotations:
D:2 1 runed translucent door, Crazy Yiuf
D:3 3 runed translucent doors, qw's ghost, amateur GrFi; qw's ghost, amateur GrHu; qw's ghost, amateur NaHu
D:4 Duvessa


Message History

Duvessa hits you with a +0 short sword! The hobgoblin barely misses you.
Duvessa hits you with a +0 short sword!
The hobgoblin hits you but does no damage.
2943 ||| DRINKING potion of heal wounds.
You feel much better. Duvessa hits you but does no damage.
You block the hobgoblin's attack.
You barely miss the hobgoblin.
The hobgoblin is almost dead.
You hit Duvessa. You block Duvessa's attack.
Duvessa hits you with a +0 short sword! The hobgoblin closely misses you.
You slash the hobgoblin!
You kill the hobgoblin!
You barely miss Duvessa. Duvessa hits you but does no damage.
Duvessa closely misses you.
You slash Duvessa!
Duvessa is severely wounded.
Duvessa hits you with a +0 short sword! Duvessa hits you with a +0 short sword.
You hit Duvessa but do no damage.
Duvessa is severely wounded.
Duvessa hits you but does no damage.
You hit Duvessa.
Duvessa is severely wounded.
Duvessa closely misses you. x2
You hit Duvessa.
Duvessa is severely wounded.
Duvessa hits you but does no damage. x2
You slash Duvessa!
Duvessa is almost dead.
Duvessa hits you with a +0 short sword. Duvessa barely misses you.
You hit Duvessa.
Duvessa is almost dead.
Duvessa hits you but does no damage. Duvessa hits you with a +0 short sword!
You barely miss Duvessa.
Duvessa is almost dead.
Duvessa hits you but does no damage.
You completely miss Duvessa.
Duvessa is almost dead.
Duvessa hits you with a +0 short sword.
You die...

#)# #.#
########.#
#........#
#.########
#.# #.#
##.##
#@..#
#e?...#
........#
###.....##
##...##
##.## ###


You could see Duvessa (berserk, fast).

Vanquished Creatures
  A scorpion (D:2)
  5 water moccasin zombies (Ossuary)
  Dowan (D:4)
  A hound (D:4)
  An orc priest (D:3)
  An iguana (D:3)
  Ijyb (D:4)
  2 mummies (Ossuary)
  4 adders
  An adder zombie (Ossuary)
  A dart slug (D:3)
  8 orcs (D:3)
  5 ball pythons
  5 bats
  11 endoplasms
  13 giant cockroaches
  3 gnoll zombies (Ossuary)
  5 goblins
  12 hobgoblins
  4 quokkas
  2 frilled lizards (D:1)
  7 hobgoblin zombies (Ossuary)
  6 kobolds
  4 kobold zombies (Ossuary)
  9 orc zombies (Ossuary)
  4 rats
117 creatures vanquished.

Notes
Turn   | Place    | Note
-------+----------+-------------------------------------------
     0 | D:1      | qw the Gargoyle Fighter began the quest for the Orb.
     0 | D:1      | Reached XP level 1. HP: 14/14 MP: 1/1
     0 | D:1      | 0 ||| qw: Version: 0.2-a-29-g1fa15c8
     0 | D:1      | 0 ||| qw: Game counter: 5005
     0 | D:1      | 0 ||| qw: Always use a shield: true
     0 | D:1      | 0 ||| qw: God list: Okawaru
     0 | D:1      | 0 ||| qw: Allow faded altars: false
     0 | D:1      | 0 ||| qw: Do Orc after D:15 true
     0 | D:1      | 0 ||| qw: Do second Lair branch before Depths: true
     0 | D:1      | 0 ||| qw: Lair rune preference: random
     0 | D:1      | 0 ||| qw: Plans: Normal, Zot:1-4, Slime:5, God:TSO, Crypt,
                  | Tomb, Abyss, Pan, Hells, Win
     0 | D:1      | 0 ||| PLANNING D:1-11
    59 | D:1      | Reached skill level 2 in Axes
    99 | D:1      | Reached XP level 2. HP: 19/19 MP: 2/2
   136 | D:1      | 136 ||| Stepping ~*~*~tactically~*~*~ (stealth).
   145 | D:1      | 145 ||| Stepping ~*~*~tactically~*~*~ (stealth).
   150 | D:1      | 150 ||| Stepping ~*~*~tactically~*~*~ (stealth).
   151 | D:1      | 151 ||| Stepping ~*~*~tactically~*~*~ (stealth).
   152 | D:1      | 152 ||| Stepping ~*~*~tactically~*~*~ (stealth).
   153 | D:1      | 153 ||| Stepping ~*~*~tactically~*~*~ (stealth).
   184 | D:2      | Found a snail-covered altar of Cheibriados.
   185 | D:2      | 185 ||| STAIRDANCE
   189 | D:2      | 189 ||| STAIRDANCE
   221 | D:2      | 221 ||| STAIRDANCE
   225 | D:2      | 225 ||| STAIRDANCE
   229 | D:2      | 229 ||| STAIRDANCE
   233 | D:2      | 233 ||| STAIRDANCE
   237 | D:2      | 237 ||| STAIRDANCE
   241 | D:2      | 241 ||| STAIRDANCE
   245 | D:2      | 245 ||| STAIRDANCE
   249 | D:2      | 249 ||| STAIRDANCE
   253 | D:2      | 253 ||| STAIRDANCE
   257 | D:2      | 257 ||| STAIRDANCE
   261 | D:2      | 261 ||| STAIRDANCE
   265 | D:2      | 265 ||| STAIRDANCE
   269 | D:2      | 269 ||| STAIRDANCE
   273 | D:2      | 273 ||| STAIRDANCE
   277 | D:2      | 277 ||| STAIRDANCE
   281 | D:2      | 281 ||| STAIRDANCE
   285 | D:2      | 285 ||| STAIRDANCE
   289 | D:2      | 289 ||| STAIRDANCE
   320 | D:1      | Reached skill level 3 in Axes
   394 | D:1      | Reached XP level 3. HP: 21/23 MP: 3/3
   472 | D:1      | Found Ledyniokh's General Store.
   478 | D:1      | 478 ||| SHOPLISTING potion of heal wounds (55 gold, have
                  | 21).
   478 | D:1      | 478 ||| SHOPLISTING scroll of identify (22 gold, have 21).
   478 | D:1      | 478 ||| SHOPLISTING scroll of teleportation (33 gold, have
                  | 21).
   496 | D:1      | 496 ||| DROPPING +0 club.
   606 | D:1      | 606 ||| UPGRADING to +2 pair of gloves.
   611 | D:1      | 611 ||| READING scroll labelled ZIRHUX HOOST.
   717 | D:2      | 717 ||| Stepping ~*~*~tactically~*~*~ (stealth).
   834 | D:2      | Reached XP level 4. HP: 28/28 MP: 4/4
   857 | D:2      | 857 ||| FLEEEEING.
   858 | D:2      | 858 ||| FLEEEEING.
   859 | D:2      | 859 ||| FLEEEEING.
   861 | D:2      | 861 ||| FLEEEEING.
   862 | D:2      | 862 ||| FLEEEEING.
   863 | D:2      | 863 ||| FLEEEEING.
   864 | D:2      | 864 ||| FLEEEEING.
   865 | D:2      | 865 ||| FLEEEEING.
   866 | D:2      | 866 ||| FLEEEEING.
   929 | D:2      | Found a runed translucent door.
   930 | D:2      | Noticed Crazy Yiuf
  1080 | D:2      | Reached skill level 4 in Axes
  1270 | D:2      | 1270 ||| UPGRADING to +2 pair of boots.
  1275 | D:2      | 1275 ||| READING scroll labelled UPTULLYFOT.
  1276 | D:2      | 1276 ||| READING scroll labelled LOVAD UFEV.
  1302 | D:3      | Noticed a scorpion
  1312 | D:3      | 1312 ||| STAIRDANCE
  1321 | D:2      | HP: 7/28 [scorpion (4)]
  1323 | D:2      | Killed a scorpion
  1324 | D:2      | Reached XP level 5. HP: 8/32 MP: 5/5
  1487 | D:3      | 1487 ||| Stepping ~*~*~tactically~*~*~ (stealth).
  1497 | D:3      | Reached skill level 5 in Axes
  1593 | D:3      | Found a runed translucent gate.
  1600 | D:3      | Found a runed translucent gate.
  1600 | D:3      | Found a runed translucent gate.
  1602 | D:3      | Noticed qw's ghost (amateur NaHu)
  1602 | D:3      | Noticed qw's ghost (amateur GrFi)
  1602 | D:3      | Noticed qw's ghost (amateur GrHu)
  1602 | D:3      | Noticed qw's ghost (amateur GrHu)
  1636 | D:3      | 1636 ||| Stepping ~*~*~tactically~*~*~ (hiding).
  1638 | D:3      | 1638 ||| Stepping ~*~*~tactically~*~*~ (hiding).
  1641 | D:3      | 1641 ||| Stepping ~*~*~tactically~*~*~ (hiding).
  1752 | D:3      | Found a basalt altar of Yredelemnul.
  2012 | D:3      | 2012 ||| DROPPING +0 mace.
  2227 | D:3      | Found an ancient bone altar of Kikubaaqudgha.
  2267 | D:3      | Found a radiant altar of Vehumet.
  2276 | D:3      | Found a shimmering blue altar of Sif Muna.
  2300 | D:3      | Reached XP level 6. HP: 38/38 MP: 6/6
  2305 | D:3      | Reached skill level 1 in Dodging
  2416 | D:3      | 2416 ||| READING scroll labelled TARIAL DIOTEBEOFF.
  2417 | D:3      | 2417 ||| DRINKING 3 dark potions.
  2418 | D:3      | 2418 ||| DRINKING 2 grey potions.
  2419 | D:3      | 2419 ||| READING 3 scrolls of identify.
  2419 | D:3      | 2419 ||| IDENTIFYING viscous dark potion
  2420 | D:3      | 2420 ||| READING 2 scrolls of identify.
  2420 | D:3      | 2420 ||| IDENTIFYING blue potion
  2446 | D:4      | 2446 ||| PLANNING OSSUARY
  2563 | D:4      | Found a sand-covered staircase.
  2567 | Ossuary  | Entered an ossuary
  2652 | Ossuary  | Reached skill level 6 in Axes
  2708 | Ossuary  | Reached XP level 7. HP: 43/43 MP: 7/7
  2865 | Ossuary  | 2865 ||| DROPPING +6 ring of intelligence.
  2866 | Ossuary  | 2866 ||| READING scroll labelled YSIESO PAJOZU.
  2867 | Ossuary  | 2867 ||| READING scroll labelled QAPYLYEMY.
  2868 | Ossuary  | 2868 ||| READING 2 scrolls of identify.
  2868 | Ossuary  | 2868 ||| IDENTIFYING ruby potion
  2869 | Ossuary  | 2869 ||| DROPPING potion of berserk rage.
  2877 | D:4      | 2877 ||| PLANNING D:1-11
  2905 | D:4      | Noticed Ijyb
  2918 | D:4      | Killed Ijyb
  2919 | D:4      | Reached skill level 7 in Axes
  2933 | D:4      | Noticed Dowan
  2935 | D:4      | Noticed Duvessa
  2940 | D:4      | Killed Dowan
  2942 | D:4      | HP: 5/44 [Duvessa/+0 short sword (15)]
  2943 | D:4      | 2943 ||| DRINKING potion of heal wounds.
  2951 | D:4      | HP: 4/44 [Duvessa/+0 short sword (8)]
  2953 | D:4      | Slain by Duvessa

Levels and vault maps discovered:
D:1:      roderic_crop_circles_arrival_small, layout_rooms, serial_shops, shop,
          minmay_tetromino_l2
D:2:      minmay_roachtagon, layout_rooms, basic_altar,
          amcnicky_mini_pool_small, uniq_crazy_yiuf_cottage
D:3:      layout_basic, grunt_temple_overflow_magic_moments,
          yredelemnul_altar_generic, serial_forest,
          infiniplex_forest_straight_4, infiniplex_forest_join,
          infiniplex_forest_straight_3, infiniplex_forest_clump_medium,
          infiniplex_forest_clump_small, gammafunk_ghost_cemetery
D:4:      corexii_shack_village, layout_loops_ring, kennysheep_mini,
          enter_ossuary_5, nicolae_shop_firing_range, uniq_duvessa, uniq_ijyb

Skill      XL: |  1  2  3  4  5  6  7 |
---------------+----------------------+-----
Axes           | 2 3 4 5 6 7 |  7.0
Fighting       | 4 |  4.4
Dodging        | 1 |  1.0
Armour         | |  3.2
Shields        | |  3.2

Action                     |  1- 3 |  4- 6 |  7- 9 || total
---------------------------+-------+-------+-------++-------
  Melee: War axe           |   120 |   174 |    75 ||   369
  Throw: Boomerang         |       |    13 |     3 ||    16
    Use: Scroll            |     1 |     5 |     3 ||     9
         Potion            |       |     2 |     1 ||     3
 Armour: Scale mail        |    56 |    83 |    37 ||   176
  Dodge: Dodged            |    46 |    65 |    27 ||   138
  Block: Buckler           |    17 |    21 |     8 ||    46

Table legend:
 A = Non-vault XP
 B = Vault XP
 C = Vault XP percentage of total XP
 D = Non-vault monster count
 E = Vault monster count
 F = Vault count percentage of total count
                 A         B        C        D         E       F
            +---------+---------+-------+---------+---------+-------
      Total |     381 |     577 |  60.2 |      72 |      45 |  38.5
            +---------+---------+-------+---------+---------+-------
        D:1 |      44 |       3 |   6.4 |      24 |       2 |   7.7
        D:2 |     129 |      20 |  13.4 |      20 |      10 |  33.3
        D:3 |     149 |       0 |   0.0 |      24 |       0 |   0.0
        D:4 |      59 |      99 |  62.7 |       4 |       2 |  33.3
    Ossuary |       0 |     455 | 100.0 |       0 |      31 | 100.0
            +---------+---------+-------+---------+---------+-------
